[Event "Titled Tuesday Blitz September 27 Late 2022"]
[White "Martinez Alcantara, Jose Eduardo"]
[Black "Kravtsiv, Martyn"]
[WhiteFideId "3805662"]
[BlackFideId "14113147"]
[WhiteElo "2703"]
[BlackElo "2694"]
[Result "1-0"]
[Round "04"]
[TimeControl "180+1"]
[Date "2022.09.27"]
[WhiteClock "0:00:07"]
[BlackClock "0:00:01"]

1. e4 e5 2. Nf3 Nc6 3. Bb5 a6 4. Ba4 Nf6 5. O-O Be7 6. Re1 b5 7. Bb3 O-O 8. a4 b4 9. d3 d6 10. Nbd2 Na5 11. Ba2 c5 12. Nc4 Be6 13. Bg5 Nc6 14. Bxf6 Bxf6 15. Ne3 g6 16. Bd5 Rc8 17. c3 Bg7 18. Bc4 a5 19. Qb3 Qd7 20. Ng5 Bxc4 21. Nxc4 Rb8 22. Qd1 h6 23. Nf3 d5 24. Ne3 bxc3 25. bxc3 d4 26. cxd4 exd4 27. Nc4 Rb4 28. h3 Rfb8 29. Rc1 h5 30. Qc2 Bh6 31. Rcd1 Rb3 32. Qe2 Qe6 33. Nfd2 R3b4 34. Ra1 Ne5 35. Nxe5 Qxe5 36. Nc4 Qc7 37. e5 Re8 38. Qe4 Bf8 39. f4 Qd7 40. Rf1 f5 41. Qf3 Re6 42. Qa8 Kf7 43. Nxa5 Re8 44. Qf3 Rxa4 45. Nc4 Re6 46. Rfb1 Rxa1 47. Rxa1 Be7 48. Rb1 Ra6 49. Rb7 Qe6 50. Kh2 Kf8 51. Rc7 Ra2 52. Rc6 Qf7 53. e6 Qf6 54. Ne5 Kg7 55. Nd7 Qh4 56. Nxc5 Rf2 57. Qg3 Qxf4 58. Qxf4 Rxf4 59. Nd7 Rf1 60. Nb6 Kf6 61. Nd5+ 1-0


[Site "https://www.chess.com"]

[Event "Titled Tuesday Blitz September 27 Late 2022"]
[White "Melkumyan, Hrant"]
[Black "Koellner, Ruben Gideon"]
[WhiteFideId "13302485"]
[BlackFideId "12993093"]
[WhiteElo "2604"]
[BlackElo "2286"]
[Result "1-0"]
[Round "04"]
[TimeControl "180+1"]
[Date "2022.09.27"]
[WhiteClock "0:00:19"]
[BlackClock "0:00:04"]

1. e4 d6 2. d4 Nf6 3. Nc3 e5 4. Nf3 Nbd7 5. Bc4 Be7 6. O-O c6 7. a4 h6 8. Qe2 Qc7 9. Rd1 Nf8 10. a5 Ng6 11. d5 O-O 12. Bb3 c5 13. a6 bxa6 14. Bc4 a5 15. Ra3 Bd8 16. Bd2 Qe7 17. Rda1 Nh5 18. g3 Bg4 19. Nd1 f5 20. Ne3 Nhf4 21. gxf4 Nxf4 22. Qd1 Bh5 23. Nxf5 Qf6 24. Bxf4 exf4 25. Kh1 g6 26. N5h4 g5 27. Ng2 Kh7 28. h3 Bg6 29. Bd3 Qg7 30. e5 dxe5 31. Bxg6+ Kxg6 32. Qd3+ Kf7 33. Qf5+ Bf6 34. Nxe5+ Kg8 35. Nd7 Bxb2 36. Nxf8 Bxa1 37. Ne6 Qf6 38. Qxf6 Bxf6 39. Rxa5 c4 40. d6 Kf7 41. Nc7 Rd8 42. Nb5 a6 43. Rxa6 Ke6 44. Ne1 Rb8 45. Nc7+ Kd7 46. Nd5 Bd4 47. Kg2 Rb1 48. Nf3 Rc1 49. Nxd4 Rd1 50. Nf6+ Kd8 51. Ra8# 1-0


[Site "https://www.chess.com"]

[Event "Titled Tuesday Blitz September 27 Late 2022"]
[White "Mikhailov, Viacheslav"]
[Black "Gheorghiu, Calin"]
[WhiteFideId "4187369"]
[BlackFideId "1200305"]
[WhiteElo "2381"]
[BlackElo "2168"]
[Result "1-0"]
[Round "04"]
[TimeControl "180+1"]
[Date "2022.09.28"]
[WhiteClock "0:00:05"]
[BlackClock "0:00:05"]

1. Nf3 d5 2. g3 Nf6 3. Bg2 c6 4. O-O Bg4 5. c4 Nbd7 6. d4 e6 7. Nc3 Bd6 8. Qb3 Rb8 9. Rd1 O-O 10. h3 Bh5 11. Bf4 Bxf4 12. gxf4 dxc4 13. Qxc4 Nd5 14. e3 Qf6 15. Ne4 Qg6 16. Ng3 N7f6 17. Ne5 Qh6 18. Re1 Rbc8 19. Qb3 Rc7 20. Rac1 Ne8 21. Qa3 f6 22. Ng4 Bxg4 23. hxg4 a6 24. f5 exf5 25. Bxd5+ cxd5 26. Rxc7 Nxc7 27. Qe7 Ne8 28. gxf5 Qh3 29. Qxb7 h5 30. Qxd5+ Kh8 31. Qh1 Qxh1+ 32. Kxh1 Nd6 33. e4 h4 34. Nh5 Re8 35. f3 Nxf5 36. d5 Nd4 37. Kg2 Rc8 38. Rf1 Rc2+ 39. Rf2 Rc1 40. Nf4 g5 41. Ne2 Rd1 42. Nxd4 Rxd4 43. Rc2 Kg7 44. a3 Kg6 45. b4 f5 46. Re2 g4 47. a4 h3+ 48. Kg3 Kg5 49. f4+ Kg6 50. exf5+ Kxf5 51. Re5+ Kf6 52. Kxg4 h2 53. Rh5 Rd2 54. Rh6+ Kg7 55. Rh3 Kg6 56. f5+ Kf6 57. Rh6+ Ke5 58. b5 Kxd5 59. bxa6 Rg2+ 60. Kf3 Ra2 61. a7 Rxa4 62. Rxh2 Rxa7 63. Kf4 Ra1 64. Rd2+ Kc6 65. Kg5 Rg1+ 66. Kf6 Kc7 67. Kf7 Kc8 68. f6 Kc7 69. Kf8 Rf1 70. f7 Kc8 71. Rg2 Kd7 72. Kg8 Ke7 73. Re2+ 1-0


[Site "https://www.chess.com"]

[Event "Titled Tuesday Blitz September 27 Late 2022"]
[White "Naroditsky, Daniel"]
[Black "Perez Ponsa, Federico"]
[WhiteFideId "2026961"]
[BlackFideId "117927"]
[WhiteElo "2628"]
[BlackElo "2604"]
[Result "1-0"]
[Round "04"]
[TimeControl "180+1"]
[Date "2022.09.27"]
[WhiteClock "0:00:12"]
[BlackClock "0:00:24"]

1. d4 Nf6 2. Nc3 d5 3. Bf4 c5 4. e3 cxd4 5. exd4 a6 6. Nf3 Nc6 7. Ne5 Bd7 8. g3 Qb6 9. Nxd7 Kxd7 10. Na4 Qa5+ 11. c3 e6 12. b4 Nxb4 13. cxb4 Bxb4+ 14. Ke2 Ne4 15. Kf3 Rac8 16. Kg2 b5 17. Nb2 Bc3 18. Nd3 Bxa1 19. Qxa1 Qc3 20. Qd1 h5 21. h4 f6 22. Be3 Qc2 23. Qf3 Qxa2 24. Nc5+ Nxc5 25. dxc5 Qc2 26. Kh2 Qe4 27. Qd1 Ke7 28. Bg2 Qf5 29. Re1 Kf7 30. Bh3 Qg6 31. Bxe6+ Kxe6 32. Bf4+ Qe4 33. Rxe4+ dxe4 34. Qd6+ Kf7 35. Qxa6 Rhe8 36. Qxb5 Re6 37. Qd7+ 1-0


[Site "https://www.chess.com"]

[Event "Titled Tuesday Blitz September 27 Late 2022"]
[White "Nasuta, Grzegorz"]
[Black "Gunduz, Umut Erdem"]
[WhiteFideId "1141686"]
[BlackFideId "6381383"]
[WhiteElo "2354"]
[BlackElo "2029"]
[Result "0-1"]
[Round "04"]
[TimeControl "180+1"]
[Date "2022.09.28"]
[WhiteClock "0:00:02"]
[BlackClock "0:00:01"]

1. e4 e5 2. Nf3 Nc6 3. Bc4 Nf6 4. d3 Bc5 5. O-O O-O 6. h3 d6 7. c3 a6 8. Bb3 h6 9. Re1 Ba7 10. Nbd2 Re8 11. Nf1 Be6 12. Bc2 d5 13. exd5 Bxd5 14. Ng3 Qd7 15. Nh4 Rad8 16. Nhf5 Kh7 17. d4 g6 18. Bxh6 exd4 19. Rxe8 Rxe8 20. Bg5 Ne4 21. Nxe4 Bxe4 22. Bxe4 Rxe4 23. Ng3 Re8 24. Nh5 Qf5 25. Nf6+ Kh8 26. Nxe8 Qxg5 27. Qf3 Qe7 28. Qf6+ Qxf6 29. Nxf6 dxc3 30. bxc3 Kg7 31. Nd5 Ne5 32. Nxc7 Nd3 33. Rf1 Kf6 34. Nd5+ Ke5 35. Ne3 Ke4 36. Rb1 b5 37. Kf1 Bxe3 38. fxe3 Kxe3 39. Ra1 Kd2 40. a4 Kxc3 41. axb5 axb5 42. Ra7 b4 43. Ke2 Nb2 44. Rxf7 b3 45. Rg7 Nc4 46. Rb7 b2 47. h4 Na5 0-1


[Site "https://www.chess.com"]

[Event "Titled Tuesday Blitz September 27 Late 2022"]
[White "Ozen, Bahadir"]
[Black "Petrosyan, Manuel"]
[WhiteFideId "6337058"]
[BlackFideId "13300857"]
[WhiteElo "2503"]
[BlackElo "2592"]
[Result "1/2-1/2"]
[Round "04"]
[TimeControl "180+1"]
[Date "2022.09.27"]
[WhiteClock "0:00:17"]
[BlackClock "0:00:05"]

1. g3 d5 2. Bg2 e5 3. d3 Nc6 4. a3 Be6 5. Nd2 Qd7 6. b4 a5 7. b5 Nce7 8. Bb2 Ng6 9. a4 Nf6 10. Ngf3 Bd6 11. Ng5 O-O 12. Nxe6 Qxe6 13. e3 c6 14. O-O Rfd8 15. Qe2 h5 16. c4 h4 17. Rfd1 h3 18. Bh1 Bb4 19. Rac1 Rac8 20. Nb3 dxc4 21. dxc4 Rxd1+ 22. Qxd1 cxb5 23. cxb5 Rxc1 24. Nxc1 e4 25. Bxf6 gxf6 26. Ne2 f5 27. Nd4 Qf6 28. Qh5 Bc5 29. Qxh3 Bxd4 30. exd4 Qxd4 31. Qxf5 e3 32. fxe3 Qxe3+ 33. Qf2 Qc1+ 34. Qf1 Qe3+ 35. Qf2 Qc1+ 36. Kg2 Qc4 37. Qb6 Qe4+ 38. Kg1 Qe1+ 39. Kg2 Qe4+ 40. Kg1 Qe1+ 41. Kg2 Qe4+ 1/2-1/2


[Site "https://www.chess.com"]

[Event "Titled Tuesday Blitz September 27 Late 2022"]
[White "Papasimakopoulos, Alexandros"]
[Black "Aggelis, Nikolaos"]
[WhiteFideId "4244125"]
[BlackFideId "4213220"]
[WhiteElo "2357"]
[BlackElo "2154"]
[Result "1-0"]
[Round "04"]
[TimeControl "180+1"]
[Date "2022.09.28"]
[WhiteClock "0:00:07"]
[BlackClock "0:00:05"]

1. d4 d5 2. c4 c6 3. cxd5 cxd5 4. Bf4 Nc6 5. e3 Nf6 6. Nc3 Bg4 7. Qb3 Na5 8. Qa4+ Bd7 9. Qc2 e6 10. Nf3 Rc8 11. h3 Bb4 12. Bd3 O-O 13. O-O a6 14. Ne5 Bb5 15. Bxb5 axb5 16. Bg5 Bxc3 17. bxc3 b4 18. Ng4 Rxc3 19. Qe2 Nc4 20. Nxf6+ gxf6 21. Bh6 f5 22. Bxf8 Qxf8 23. Rfc1 b5 24. Rab1 Rxc1+ 25. Rxc1 Qa8 26. Rb1 Qa3 27. Qc2 Kg7 28. Qb3 Qa6 29. Qxb4 Qxa2 30. Qxb5 Nd6 31. Qb2 Qa8 32. Qb8 Qa2 33. Rc1 Ne4 34. Qe5+ Kg6 35. Qf4 Qe2 36. g4 fxg4 37. Qxg4+ Qxg4+ 38. hxg4 h5 39. gxh5+ Kxh5 40. f3 Ng5 41. Kg2 Kg6 42. Kg3 Kf5 43. Rc7 f6 44. Rd7 Kg6 45. Kg4 Nf7 46. Re7 Ng5 47. f4 f5+ 48. Kh4 Nf3+ 49. Kg3 Kf6 50. Re8 Nd2 51. Ra8 Ne4+ 52. Kh4 Kg6 53. Rg8+ Kf7 54. Rg2 Kf6 55. Kh5 Nd6 56. Rg6+ Kf7 57. Kh6 Nc4 58. Rg7+ Kf6 59. Rg3 Kf7 60. Kh7 Nd6 61. Rg7+ Kf6 62. Kg8 Nc4 63. Rg3 Nd6 64. Kf8 Nc4 65. Ke8 Nd6+ 66. Kd7 Nc4 67. Rh3 Nd2 68. Rh6+ Kf7 69. Rxe6 Nc4 70. Re5 Kf6 71. Kc6 Kg6 72. Kxd5 Nb6+ 73. Ke6 Nc4 74. d5 1-0


[Site "https://www.chess.com"]

[Event "Titled Tuesday Blitz September 27 Late 2022"]
[White "Polanco Nunez, Yoel Estarling"]
[Black "Toniutti, Ezio"]
[WhiteFideId "6401783"]
[BlackFideId "113034"]
[WhiteElo "2132"]
[BlackElo "2215"]
[Result "0-1"]
[Round "04"]
[TimeControl "180+1"]
[Date "2022.09.28"]
[WhiteClock "0:00:03"]
[BlackClock "0:00:06"]

1. Nf3 d5 2. g3 c6 3. Bg2 Nf6 4. O-O Bf5 5. c4 e6 6. d4 Nbd7 7. Nc3 Be7 8. Qb3 Qb6 9. c5 Qxb3 10. axb3 a6 11. b4 Rc8 12. Nd2 O-O 13. Nb3 Bd8 14. Na5 Bxa5 15. bxa5 Rfe8 16. Ra4 e5 17. e3 e4 18. Rb4 Rc7 19. Bd2 Nf8 20. Na4 h5 21. Rc1 Ne6 22. Rc3 Ree7 23. Rcb3 Rcd7 24. Nb6 Rc7 25. Bf1 Nd8 26. Na4 g5 27. Rb6 Kg7 28. Nc3 Bc8 29. Na2 Re6 30. Nb4 Rce7 31. Bh3 g4 32. Bf1 Nd7 33. Bc3 Nxb6 34. axb6 h4 35. Nc2 Rh6 36. Na1 Ne6 37. Rb4 Ng5 38. Bg2 Re8 39. Nb3 Reh8 40. Na5 hxg3 41. hxg3 Nf3+ 42. Kf1 Rh2 43. Rb3 R8h6 44. Rb4 Rf6 45. Rb3 Ng5 46. Kg1 Rhh6 47. Be1 Nf3+ 48. Kf1 Rh2 49. Bc3 Rh8 50. Rb4 Ng5 51. Be1 Nh3 52. Rb3 Rh5 53. Rc3 Rhf5 54. Rc2 Rh5 55. Rc3 Ng5 56. Rc2 Nf3 57. Bb4 Rfh6 58. Nb3 Rh1+ 59. Bxh1 Rxh1+ 60. Ke2 Ng1+ 61. Kd2 Rh2 62. Kc1 Nh3 63. Be1 Rh1 64. Kd1 Ng1 65. Rc1 Nf3 66. Ke2 Rh2 67. Bc3 Ng5 68. Rf1 Nh3 69. Ke1 Ng5 70. Nd2 Nf3+ 71. Nxf3 gxf3 72. b4 Kf6 73. Rg1 Kg5 74. Kf1 Bh3+ 75. Ke1 Rg2 76. Rh1 Kg4 77. Bd2 f6 78. Bc3 f5 79. Bd2 Kg5 80. Bc3 Kg4 81. Bb2 Kg5 82. Rxh3 Rg1+ 83. Kd2 Rf1 84. Rh2 Rg1 85. Rh7 Rf1 86. Rh2 Rg1 87. Rh7 Rg2 88. Rxb7 Rxf2+ 89. Ke1 Re2+ 90. Kf1 Rxb2 91. Rg7+ Kf6 92. Ra7 Rxb4 93. Rxa6 Kg5 94. Ra8 Kg4 95. Rg8+ Kh3 96. Kg1 Rb1+ 97. Kf2 Rb2+ 98. Kf1 Rb3 99. Kf2 Rb2+ 100. Kf1 Rb1+ 101. Kf2 Rb3 102. Kf1 Rxe3 103. b7 Rb3 104. b8=Q Rxb8 105. Rxb8 Kxg3 106. Rc8 e3 107. Re8 f4 108. Rg8+ Kh4 109. Rg6 f2 0-1


[Site "https://www.chess.com"]

[Event "Titled Tuesday Blitz September 27 Late 2022"]
[White "Popilski, Gil"]
[Black "Muradli, Mahammad"]
[WhiteFideId "2809060"]
[BlackFideId "13409301"]
[WhiteElo "2537"]
[BlackElo "2611"]
[Result "1-0"]
[Round "04"]
[TimeControl "180+1"]
[Date "2022.09.28"]
[WhiteClock "0:00:04"]
[BlackClock "0:00:02"]

1. e4 Nc6 2. Nf3 d6 3. Bb5 g6 4. d4 Bd7 5. c4 Bg7 6. d5 Ne5 7. Nxe5 Bxe5 8. O-O Bg7 9. Re1 Nf6 10. Nc3 c6 11. Ba4 O-O 12. Bg5 Rc8 13. Rc1 cxd5 14. cxd5 a6 15. Bb3 Qa5 16. e5 dxe5 17. Rxe5 Rfe8 18. h3 b5 19. d6 e6 20. Qf3 Ng4 21. Ree1 Ne5 22. Qg3 Nc4 23. Ne4 Qb6 24. Bxc4 Rxc4 25. Rxc4 bxc4 26. Nf6+ Bxf6 27. Bxf6 h6 28. Qf4 Kh7 29. Be7 Kg7 30. Qe5+ Kg8 31. Qf4 Kg7 32. h4 Qb5 33. h5 g5 34. Qf6+ Kg8 35. Qxh6 Qf5 36. Bf6 Qh7 37. Qxg5+ Kf8 38. Be7+ 1-0


[Site "https://www.chess.com"]

[Event "Titled Tuesday Blitz September 27 Late 2022"]
[White "Rangel, Daniel"]
[Black "Kamsky, Gata"]
[WhiteFideId "2124475"]
[BlackFideId "2000024"]
[WhiteElo "2225"]
[BlackElo "2666"]
[Result "1/2-1/2"]
[Round "04"]
[TimeControl "180+1"]
[Date "2022.09.27"]
[WhiteClock "0:00:09"]
[BlackClock "0:00:16"]

1. c4 e5 2. g3 Nc6 3. Bg2 Bc5 4. e3 a6 5. Ne2 Ba7 6. O-O Nge7 7. Nbc3 d6 8. b3 O-O 9. d4 exd4 10. Nxd4 Nxd4 11. exd4 Nf5 12. Bb2 Nxd4 13. Nd5 Nc6 14. Re1 Ne5 15. c5 Bxc5 16. Rc1 Bg4 17. Qd2 c6 18. Rxc5 cxd5 19. Rxd5 Nf3+ 20. Bxf3 Bxf3 21. Rxd6 Qc7 22. Rc1 Qe7 23. Rd7 Qe4 24. Re1 Qg6 25. Rd6 Qg4 26. Qd4 Qxd4 27. Rxd4 Rfe8 1/2-1/2


[Site "https://www.chess.com"]

[Event "Titled Tuesday Blitz September 27 Late 2022"]
[White "Rastbod, Ali"]
[Black "Paravyan, David"]
[WhiteFideId "12567477"]
[BlackFideId "4194985"]
[WhiteElo "2191"]
[BlackElo "2555"]
[Result "1-0"]
[Round "04"]
[TimeControl "180+1"]
[Date "2022.09.27"]
[WhiteClock "0:00:12"]
[BlackClock "0:00:06"]

1. d4 Nf6 2. c4 g6 3. g3 c6 4. Bg2 d5 5. Qa4 Bg7 6. cxd5 Nxd5 7. Nf3 O-O 8. O-O Bg4 9. Rd1 Nd7 10. e4 N5b6 11. Qc2 e5 12. dxe5 Bxf3 13. Bxf3 Nxe5 14. Rxd8 Nxf3+ 15. Kh1 Raxd8 16. Nc3 Rfe8 17. Be3 Nc4 18. Qe2 Nfe5 19. Rd1 Rxd1+ 20. Nxd1 Rd8 21. b3 Nd6 22. f4 Nd7 23. Qd3 Bf8 24. g4 Be7 25. e5 Nb5 26. Qe2 Nc5 27. f5 Ne4 28. f6 Bf8 29. Qf3 Nec3 30. Nf2 Re8 31. Nd3 Nd5 32. Bf2 Nbc7 33. g5 Ne6 34. h4 h5 35. gxh6 Bxh6 36. h5 g5 37. Qf5 b6 38. Bg3 Rd8 39. Nf2 Ne3 40. Qe4 Nd1 41. Ng4 Bf8 42. h6 Rd4 43. h7+ Kh8 44. Qe2 Nc3 45. Qf3 Ne4 46. Ne3 c5 47. Kg2 Rd2+ 48. Kg1 Nxg3 49. Qxg3 Nf4 50. Qf3 Rd3 51. Qa8 Ne6 52. Nf5 Kxh7 53. Qe4 Rd1+ 54. Kf2 Kg8 55. Ne7+ Kh8 56. Qe2 Rh1 57. Qd3 Rh2+ 58. Kg1 Rh4 59. Qd7 Rg4+ 60. Kh2 Rh4+ 61. Kg3 Rd4 62. Qe8 Rd3+ 63. Kg4 Rd4+ 64. Kg3 Rd3+ 65. Kf2 Rd2+ 66. Ke1 Rh2 67. Ng6+ fxg6 68. Qxe6 Rh7 69. Qe8 Kg8 70. e6 Rh1+ 71. Kf2 Rh2+ 72. Kg1 Rh7 73. e7 Rf7 74. exf8=Q+ Rxf8 75. Qxg6+ Kh8 76. Qg7# 1-0


[Site "https://www.chess.com"]

[Event "Titled Tuesday Blitz September 27 Late 2022"]
[White "Rego, Pedro Filipe"]
[Black "Ribeiro, Matheus Mendes Domingues"]
[WhiteFideId "1904310"]
[BlackFideId "324226923"]
[WhiteElo "2125"]
[BlackElo "2047"]
[Result "1-0"]
[Round "04"]
[TimeControl "180+1"]
[Date "2022.09.28"]
[WhiteClock "0:00:12"]
[BlackClock "0:00:13"]

1. d4 d5 2. Bf4 e6 3. Nf3 Nf6 4. e3 Bd6 5. Bg3 O-O 6. Bd3 b6 7. O-O Bb7 8. c3 c5 9. Nbd2 Nc6 10. Qe2 Qc7 11. Rac1 e5 12. dxe5 Nxe5 13. Nxe5 Bxe5 14. Nf3 Bxg3 15. hxg3 Rfe8 16. Rfd1 Rad8 17. a4 Ne4 18. b4 Qe7 19. a5 cxb4 20. cxb4 Qxb4 21. Rc7 Re7 22. axb6 axb6 23. Qc2 Qd6 24. Rxb7 Rxb7 25. Bxe4 Rc7 26. Qd3 g6 27. Bxd5 Kg7 28. e4 Rc5 29. Qe2 Re8 30. Qb2+ Qf6 31. e5 Qe7 32. e6+ Qf6 33. Qxb6 Rxd5 34. Rxd5 Rxe6 35. Qb4 Rb6 36. Qd4 Rb1+ 37. Kh2 Qxd4 38. Rxd4 Rb2 39. Rd2 Rb6 40. g4 h6 41. Kg3 Rb4 42. Rd3 Ra4 43. Rd4 Ra3 44. Kf4 Ra5 45. Ke3 Ra3+ 46. Rd3 Ra7 47. Nd4 Re7+ 48. Kf3 Ra7 49. g3 Ra4 50. Ne2 Ra6 51. Nf4 Rf6 52. Ke3 Ra6 53. Rc3 Ra7 54. Kf3 Rd7 55. Kg2 Ra7 56. Rc6 Ra4 57. Rc7 g5 58. Ne6+ Kf6 59. Nd8 Rxg4 60. Rxf7+ Kg6 61. Re7 Ra4 62. Re3 Ra8 63. Ne6 Re8 64. g4 Ra8 65. Kg3 Ra6 66. f3 h5 67. Nd4 hxg4 68. fxg4 Ra4 69. Nf5 Kf6 70. Rc3 Ke5 71. Re3+ Kf6 72. Nd6 Rd4 73. Ne4+ Kg6 74. Kf3 Ra4 75. Rc3 Ra6 76. Rb3 Ra5 77. Rb6+ Kg7 78. Nd6 Kf6 79. Nf5+ Ke5 80. Rb3 Ra4 81. Re3+ Kf6 82. Nd6 Rf4+ 83. Kg3 Rd4 84. Ne4+ Kg6 85. Kf3 Ra4 86. Rb3 Ra6 87. Ke3 Rc6 88. Rd3 Rc1 89. Rd6+ Kf7 90. Kd4 Rd1+ 91. Ke5 Rg1 92. Kf5 Ke7 93. Rg6 Rf1+ 94. Kxg5 Kf7 95. Rf6+ Rxf6 96. Nxf6 Kg7 97. Kf5 Kf7 98. g5 Kg7 99. g6 Kh6 100. Ne4 Kg7 101. Kg5 Kg8 102. Kh6 Kh8 103. g7+ Kg8 104. Nf6+ Kf7 105. g8=Q+ Ke7 106. Qg7+ Ke6 107. Ng4 Kd5 108. Qe7 Kc6 109. Qd8 Kc5 110. Qd7 Kc4 111. Qd6 Kb5 112. Qc7 Ka6 113. Qb8 1-0


[Site "https://www.chess.com"]

[Event "Titled Tuesday Blitz September 27 Late 2022"]
[White "Romanchuk, Viktor"]
[Black "Babazada, Khazar"]
[WhiteFideId "14109271"]
[BlackFideId "13413554"]
[WhiteElo "2242"]
[BlackElo "2409"]
[Result "0-1"]
[Round "04"]
[TimeControl "180+1"]
[Date "2022.09.28"]
[WhiteClock "0:00:06"]
[BlackClock "0:01:59"]

1. d4 e6 2. c4 b6 3. a3 Bb7 4. Nc3 f5 5. d5 Nf6 6. g3 exd5 7. cxd5 Bd6 8. Bg2 O-O 9. Nf3 Na6 10. O-O Qe7 11. Nd4 Ne4 12. Ncb5 Bxd5 13. Nxd6 Qxd6 14. Bf4 Qe7 15. Nb5 Bc6 16. Qb3+ Kh8 17. Rac1 Nac5 18. Qc4 d5 0-1


[Site "https://www.chess.com"]

[Event "Titled Tuesday Blitz September 27 Late 2022"]
[White "Saraci, Nderim"]
[Black "Nakamura, Hikaru"]
[WhiteFideId "6351921"]
[BlackFideId "2016192"]
[WhiteElo "2553"]
[BlackElo "2850"]
[Result "1/2-1/2"]
[Round "04"]
[TimeControl "180+1"]
[Date "2022.09.27"]
[WhiteClock "0:00:11"]
[BlackClock "0:00:20"]

1. b3 g6 2. Bb2 f6 3. e3 Bg7 4. d4 Nh6 5. c4 Nf7 6. Nf3 e5 7. dxe5 fxe5 8. Nc3 d6 9. h4 Nd7 10. h5 g5 11. Bd3 h6 12. Bg6 O-O 13. Qc2 b6 14. O-O-O Bb7 15. e4 Nc5 16. Nh2 Ne6 17. Nd5 Nd4 18. Qd3 a5 19. Ng4 Bc8 20. Nde3 a4 21. Nf5 axb3 22. axb3 c5 23. Bxf7+ Kxf7 24. Ngxh6+ Bxh6 25. Nxh6+ Kg7 26. Nf5+ Kh7 27. Bxd4 cxd4 28. Kb2 d5 29. cxd5 Bxf5 30. exf5 Qxd5 31. f6+ Kh8 32. Qg6 Rf7 33. h6 Qa5 34. Qg7+ Rxg7 35. hxg7+ Kg8 36. Rh8+ Kf7 37. Rxa8 Qxa8 38. Rh1 Qa5 39. Rh8 Qd2+ 40. Kb1 Qd1+ 41. Kb2 Qd2+ 42. Kb1 Qe1+ 43. Kb2 Qc3+ 44. Ka2 Qc2+ 45. Ka3 Qc1+ 46. Ka2 Qc2+ 47. Ka3 Qc5+ 48. Kb2 Qc3+ 49. Ka2 Qc2+ 1/2-1/2


[Site "https://www.chess.com"]

[Event "Titled Tuesday Blitz September 27 Late 2022"]
[White "Sernecki, Franciszek"]
[Black "Mesa Cruz, Juan Carlos"]
[WhiteFideId "1169297"]
[BlackFideId "6423400"]
[WhiteElo "2168"]
[BlackElo "1917"]
[Result "1-0"]
[Round "04"]
[TimeControl "180+1"]
[Date "2022.09.28"]
[WhiteClock "0:00:08"]
[BlackClock "0:00:12"]

1. c4 e5 2. Nc3 Nf6 3. g3 Bb4 4. Nd5 Bc5 5. Bg2 O-O 6. e3 c6 7. Nxf6+ Qxf6 8. Ne2 a5 9. O-O d6 10. d4 Bb6 11. b3 Bf5 12. Bb2 Nd7 13. dxe5 dxe5 14. Nc3 Rfd8 15. Qe2 Nc5 16. Rfd1 Nd3 17. Ba3 Nb4 18. Na4 Ba7 19. e4 Be6 20. Bxb4 axb4 21. c5 Qe7 22. Qc2 Rxd1+ 23. Rxd1 Rd8 24. Bf1 f6 25. Rxd8+ Qxd8 26. Bc4 Kf7 27. Bxe6+ Kxe6 28. Qc4+ Ke7 29. Qxb4 Qd7 30. Nb2 h5 31. h4 Qd4 32. Qxd4 exd4 33. Nd3 Ke6 34. b4 b5 35. f4 Bb8 36. Kf2 f5 37. Kf3 g6 38. Nc1 Bc7 39. Nb3 d3 40. Ke3 fxe4 41. Kxe4 Bd8 42. Nd4+ Kd7 43. Kxd3 Bf6 44. Nb3 Ke6 45. Nd2 Kf5 46. Ne4 Be7 47. Nf2 Bf6 48. Ne4 Be7 49. Ke3 Kg4 50. Kf2 Bd8 51. Kg2 Be7 52. Nf2+ Kf5 53. Kf3 Bf6 54. Nd1 Bd4 55. a3 Kf6 56. Ke4 Bg1 57. Nc3 Ke6 58. a4 bxa4 59. Nxa4 Bf2 60. Kf3 Be1 61. g4 Bxb4 62. f5+ gxf5 63. gxh5 Be1 64. h6 Kf6 65. Nb2 Bxh4 66. Nc4 Kg6 67. Ne5+ Kxh6 68. Nxc6 Kg5 69. Nd4 Kf6 70. c6 Ke7 71. Nb5 Kd8 72. Kf4 Be7 73. Kxf5 Kc8 74. Ke4 Bd8 75. Kd5 Bc7 76. Kc5 Bd8 77. Nd6+ Kc7 78. Nc4 Kc8 79. Nb2 Bc7 80. Nd3 Kb8 81. Nb4 Kc8 82. Nd5 Bd8 83. Kd6 Bc7+ 84. Nxc7 Kd8 85. Nd5 Kc8 86. Ne7+ Kb8 87. c7+ Kb7 88. c8=Q+ Kb6 89. Qc6+ 1-0


[Site "https://www.chess.com"]

[Event "Titled Tuesday Blitz September 27 Late 2022"]
[White "Shandrygin, Nikita"]
[Black "Gallana, Marco"]
[WhiteFideId "24198668"]
[BlackFideId "824542"]
[WhiteElo "2323"]
[BlackElo "2290"]
[Result "1-0"]
[Round "04"]
[TimeControl "180+1"]
[Date "2022.09.28"]
[WhiteClock "0:00:08"]
[BlackClock "0:00:01"]

1. e4 c5 2. Nf3 Nc6 3. d4 cxd4 4. Nxd4 e5 5. Nb5 d6 6. g3 a6 7. N5c3 Be7 8. Bg2 Nf6 9. O-O h5 10. Bg5 Be6 11. Bxf6 Bxf6 12. Nd5 h4 13. Nbc3 Nd4 14. Ne2 Bxd5 15. Nxd4 Bc4 16. Nf5 Bxf1 17. Bxf1 hxg3 18. hxg3 g6 19. Nxd6+ Kf8 20. Nxb7 Qe7 21. Na5 Kg7 22. Nc4 Bg5 23. Qd5 Rad8 24. Qxe5+ Qxe5 25. Nxe5 Bf6 26. Nd3 Bd4 27. c3 Bb6 28. Kg2 a5 29. Rd1 Rd7 30. Be2 Rhd8 31. Kf1 Rd6 32. Ke1 g5 33. e5 Rd5 34. c4 Rd4 35. c5 Ba7 36. b3 Bb8 37. f4 Bc7 38. Kf2 R4d5 39. Ke3 f6 40. Bf3 Rd4 41. Nf2 fxe5 42. f5 Kf6 43. Ne4+ Kxf5 44. Rf1 Kg6 45. Be2 Kg7 46. Nf6 Rd2 47. Ne4 Rxa2 48. Nxg5 Rb2 49. Ne6+ Kg6 50. Nxc7 Rxb3+ 51. Kf2 Rd2 52. Ne6 Rbb2 53. Re1 Ra2 54. Ke3 Rac2 55. Bd3+ Kf6 56. Bxc2 Rxc2 57. Nc7 Rc3+ 58. Ke4 Rxc5 59. Nd5+ Ke6 60. Ne3 Rc3 61. Rd1 a4 62. Rd3 Rc1 63. Ra3 Rg1 64. g4 Rg3 65. Rxa4 Kf6 66. Ra6+ Kg5 67. Re6 Kh4 68. Rxe5 Rg1 69. Kf3 1-0


[Site "https://www.chess.com"]

[Event "Titled Tuesday Blitz September 27 Late 2022"]
[White "Silva Lucena, Cristian"]
[Black "Alfaro, William"]
[WhiteFideId "2232588"]
[BlackFideId "6100457"]
[WhiteElo "2223"]
[BlackElo "2096"]
[Result "0-1"]
[Round "04"]
[TimeControl "180+1"]
[Date "2022.09.28"]
[WhiteClock "0:00:05"]
[BlackClock "0:00:18"]

1. Nf3 Nf6 2. c4 c5 3. d4 cxd4 4. Nxd4 Nc6 5. g3 g6 6. Bg2 Bg7 7. O-O O-O 8. Nc3 d6 9. Nxc6 bxc6 10. Bxc6 Rb8 11. Bg2 Qc7 12. b3 Be6 13. Nb5 Qa5 14. Bd2 Qa6 15. Nc7 Qb6 16. Nxe6 fxe6 17. Be3 Qa5 18. Bd4 e5 19. Bb2 Ng4 20. Qd5+ Qxd5 21. Bxd5+ Kh8 22. Bc3 h5 23. Be4 Kh7 24. h3 Nf6 25. Bg2 Rbc8 26. Rfd1 Bh6 27. e3 Nd7 28. Bd5 Nc5 29. Rab1 h4 30. g4 e4 31. b4 Nd3 32. Rxd3 exd3 33. Rd1 Rfe8 34. Be6 Rb8 35. Rxd3 Rb6 36. a4 a6 37. a5 Rb7 38. Bf7 Rf8 39. Bd5 Rc7 40. b5 axb5 41. cxb5 Bg7 42. Bxg7 Rc1+ 43. Kg2 Kxg7 44. a6 Rc2 45. Bf3 e5 46. Rxd6 e4 47. Rd7+ Kh6 48. g5+ Kxg5 49. Rd5+ Kh6 50. Bxe4 Rcxf2+ 51. Kg1 Rf1+ 52. Kh2 R8f2+ 53. Bg2 Ra1 54. Rd4 Raa2 55. Rxh4+ Kg7 56. Rg4 Rfb2 57. Rg5 Kh6 58. h4 Ra3 59. e4 Ra4 60. Kh3 Rb3+ 61. Kg4 Rb2 62. Bf3 Ra1 63. Kf4 Rf1 64. Rg3 Rxb5 65. e5 Rb4+ 66. Ke3 Ra1 67. Bb7 Re1+ 68. Kd2 Ra1 69. e6 Rb6 70. e7 Re6 71. Re3 Ra2+ 72. Kd3 Ra3+ 73. Kd4 Rexe3 74. a7 Rxe7 75. a8=Q Rxa8 76. Bxa8 Ra7 77. Bf3 Ra4+ 78. Ke3 Rxh4 79. Kf2 Kg5 80. Kg3 Ra4 81. Kg2 Ra3 82. Be2 Kf4 83. Kg1 Ke3 84. Bb5 Ra1+ 85. Kg2 Ra2+ 86. Kg3 Ra1 87. Kg4 Rg1+ 88. Kh4 Kf4 89. Kh3 g5 90. Bc6 g4+ 91. Kh2 Rc1 92. Bb7 g3+ 93. Kh3 Rc7 94. Ba8 Rh7+ 95. Kg2 Rh2+ 96. Kf1 Ra2 97. Bb7 Ke3 98. Kg1 Kf4 99. Bc6 Kg4 100. Bb7 Ra1+ 101. Kg2 Ra2+ 102. Kg1 Rb2 103. Bc8+ Kf4 104. Bd7 Rb6 105. Bh3 Kf3 106. Bg2+ Ke3 107. Ba8 Rb2 108. Bc6 Rc2 109. Ba8 Rh2 110. Bb7 Rh7 111. Ba8 Kf4 112. Bb7 Kg4 113. Ba8 Rc7 114. Bd5 Kh3 115. Be6+ Kh4 116. Bd5 Rd7 117. Bc6 Rd6 118. Bb7 Rd1+ 119. Kg2 Rd2+ 120. Kg1 g2 121. Bxg2 Kg3 122. Bf1 Rd1 0-1


[Site "https://www.chess.com"]